 Dungeon Crawl Stone Soup version 0.30-a0-561-g1b0378597e (webtiles) character file.

Game seed: 6298484968219793256

1012 M4edhros the Sneak (level 8, -5/54 HPs)
             Began as an Octopode Artificer on Dec 28, 2022.
             Slain by an orc warrior
             ... wielding a +0 flail
              (19 damage)
             ... on level 6 of the Dungeon.
             The game lasted 00:04:20 (2600 turns).

M4edhros the Sneak (Octopode Artificer)             Turns: 2600, Time: 00:04:20

Health: -5/54      AC:  1    Str: 11    XL:     8   Next: 21%
Magic:  8/8        EV: 14    Int: 12    God:
Gold:   269        SH:  0    Dex: 14    Spells: 7/7 levels left

rFire   . . .      SeeInvis .    e - +1 short sword (elec)
rCold   . . .      Faith    .    (no shield)
rNeg    . . .      Spirit   .    (helmet restricted)
rPois   .          Reflect  .    (no amulet)
rElec   .          Harm     .    (no ring)
rCorr   .          Rampage  .    (no ring)
Will    .....                    (no ring)
Stlth   ++++                     (no ring)
HPRegen 0.29/turn                (no ring)
MPRegen 0.11/turn                (no ring)
                                 (no ring)
                                 (no ring)

@: no status effects
A: almost no armour, amphibious, 8 rings, camouflage 1, gelatinous body 1,
(nimble swimmer 1), tentacles, dopey 1, devolution 1
a: no special abilities


You were on level 6 of the Dungeon.
You visited 1 branch of the dungeon, and saw 7 of its levels.

You collected 269 gold pieces.

Inventory:

Hand Weapons
 e - a +1 short sword of electrocution (weapon)
Missiles
 n - 16 poisoned darts
 q - a throwing net
Jewellery
 u - a ring of poison resistance
Wands
 c - a wand of charming (6)
 d - a wand of iceblast (4)
 l - a wand of polymorph (13)
Scrolls
 a - 5 scrolls of teleportation {unknown}
 f - 6 scrolls of identify {unknown}
 g - a scroll of fear {unknown}
 j - a scroll of fog {unknown}
 k - a scroll of butterflies {unknown}
 o - a scroll of blinking {unknown}
 p - 2 scrolls of noise {unknown}
 s - a scroll of vulnerability {unknown}
Potions
 b - a potion of might {unknown}
 h - a potion of flight {unknown}
 i - a potion of lignification {unknown}
 m - a potion of ambrosia {unknown}
 r - a potion of curing {unknown}


   Skills:
 + Level 3.7 Fighting
 + Level 4.3 Dodging
 + Level 5.4 Stealth
 * Level 5.2 Unarmed Combat
 + Level 5.2 Evocations


You had 7 spell levels left.
You didn't know any spells.
Your spell library was empty.

Dungeon Overview and Level Annotations

Branches:
Dungeon (7/15)
 Temple: D:4-7

Altars:
Ashenzari
Okawaru
Qazlal
Uskayaw
Vehumet

Annotations:
D:7 Pikel


Innate Abilities, Weirdness & Mutations

You cannot wear most types of armour.
You are amphibious.
You can wear up to eight rings at the same time.
Your skin changes colour to match your surroundings (Stealth+).
Your rubbery body absorbs attacks. (AC +1, EV +1)
((You are camouflaged when in or above water. (Stealth+)))
You have tentacles for arms and can constrict up to eight enemies at once.
You are dopey. (Int -2)
You have hidden genetic defects.


Message History

The orc closely misses you. The orc completely misses you.
The orc warrior hits you with a +0 flail.
You release your grip on the orc warrior.
The orc warrior attacks as you move away!
The orc warrior hits you with a +0 flail!
The orc attacks as you move away! The orc hits you with a +0 flail.
The orc attacks as you move away! The orc hits you with a +0 whip.
You closely miss the orc. You grab the orc. You squeeze the orc.
The orc is almost dead.
You constrict the orc.
You kill the orc!
You hit the orc but do no damage. Your grab misses the orc.
You squeeze the orc, but do no damage. The orc hits you with a +0 mace!
You hit the orc. You grab the orc.
The orc is moderately wounded.
You constrict the orc. The orc completely misses you.
You hit the orc. Lightning courses through the orc!
You kill the orc!
You hit the orc. Your grab misses the orc.
The orc is severely wounded.
You hit the orc.
You kill the orc!
The orc warrior misses you.
You hit the orc warrior but do no damage.
You grab the orc warrior.
The orc warrior is lightly wounded.
You constrict the orc warrior, but do no damage.
The orc warrior hits you with a +0 flail.
Okay, then.
You hit the orc warrior.
The orc warrior is lightly wounded.
You constrict the orc warrior, but do no damage.
The orc warrior hits you with a +0 flail!
* * * LOW HITPOINT WARNING * * *
It was a potion of mutation.
You feel extremely strange.
You feel stupid.
You feel a hidden malignance growing inside you.
You constrict the orc warrior.
The orc warrior hits you with a +0 flail!!
You die...

.#############.........#....#
.......# #.........#....#
.......# #.........#....#
.......# #.........#....#
.......# #.........#....#
.......# #.........+....#
.####### ###.........#....#
.# #.....#+##### ..
#....@#.>..# ... #....)o....#
... #.....#....# ...
#.....#....# . #.....#..###
##########


You could see an orc warrior.

Vanquished Creatures
  A sky beast (D:7)
  An ice beast (D:7)
  An ogre (D:7)
  2 centaurs (D:7)
  A phantom (D:6)
  A kobold brigand (D:6)
  A gnoll sergeant (D:7)
  A scorpion (D:4)
  A howler monkey (D:7)
  A jelly (D:6)
  3 hounds
  An iguana (D:7)
  An orc priest (D:4)
  An orc wizard (D:5)
  3 gnolls (D:7)
  An adder (D:4)
  12 orcs
  A bat (D:2)
  An endoplasm (D:3)
  2 giant cockroaches (D:2)
  3 hobgoblins
  4 kobolds
  A quokka (D:2)
  3 ball pythons
  A frilled lizard (D:2)
  A goblin (D:1)
  2 rats
52 creatures vanquished.

Vanquished Creatures (collateral kills)
  3 kobolds (D:6)
3 creatures vanquished.

Vanquished Creatures (others)
  A wyvern (D:7)
  A sky beast (D:6)
2 creatures vanquished.

Grand Total: 57 creatures vanquished

Notes
Turn   | Place    | Note
-------+----------+-------------------------------------------
     0 | D:1      | M4edhros the Octopode Artificer began the quest for the
                  | Orb.
     0 | D:1      | Reached XP level 1. HP: 13/13 MP: 1/1
    98 | D:1      | Reached XP level 2. HP: 9/18 MP: 2/2
   170 | D:2      | Reached skill level 1 in Unarmed Combat
   208 | D:3      | Found a radiant altar of Vehumet.
   208 | D:3      | Found an iron altar of Okawaru.
   208 | D:3      | Found a broken altar of Ashenzari.
   208 | D:3      | Found a hide-covered altar of Uskayaw.
   208 | D:3      | Found a stormy altar of Qazlal.
   409 | D:4      | Reached XP level 3. HP: 4/23 MP: 3/3
   544 | D:4      | Reached XP level 4. HP: 10/29 MP: 4/4
   683 | D:4      | Found Sudiaju's Weapon Shoppe.
   740 | D:4      | Noticed a scorpion
   745 | D:4      | Killed a scorpion
   746 | D:4      | Reached XP level 5. HP: 9/34 MP: 5/5
  1073 | D:5      | Entered Level 5 of the Dungeon
  1183 | D:6      | Reached XP level 6. HP: 35/41 MP: 6/6
  1268 | D:6      | Noticed a sky beast
  1855 | D:7      | Reached XP level 7. HP: 34/45 MP: 7/7
  2120 | D:7      | Reached skill level 5 in Stealth
  2127 | D:7      | Reached skill level 5 in Evocations
  2127 | D:7      | Reached XP level 8. HP: 13/52 MP: 8/8
  2338 | D:7      | Noticed a wyvern
  2351 | D:7      | Reached skill level 5 in Unarmed Combat
  2423 | D:7      | Noticed Pikel
  2600 | D:6      | Gained mutation: You are dopey. (Int -2) [potion of
                  | mutation]
  2600 | D:6      | Gained mutation: You have hidden genetic defects. [potion
                  | of mutation]
  2600 | D:6      | Slain by an orc warrior

Illustrated notes

Levels and vault maps discovered:
D:1:      zelgadis_glass_arrival_small, layout_basic
D:2:      layout_loops_ring, uniq_robin
D:3:      layout_loops_cross, grunt_temple_overflow_order_and_chaos_1,
          grunt_temple_overflow_open, serial_shops,
          nicolae_shop_advertising_works [nicolae_subvault_shop_adworks]
D:4:      layout_gridville, serial_shops, shop_fountains,
          chequers_serial_rivers_large_b, uniq_natasha
D:5:      layout_basic, minmay_temple_entry_enclosed_plants
D:6:      layout_gridville
D:7:      kennysheep_spiral_hall, layout_basic, uniq_pikel

Skill      XL: |  1  2  3  4  5  6  7  8 |
---------------+-------------------------+-----
Unarmed Combat | 1 2 3 4 5 |  5.2
Stealth        | 2 3 4 5 |  5.4
Fighting       | 2 3 |  3.7
Dodging        | 3 4 |  4.3
Evocations     | 4 5 |  5.2

Action                   |  1- 3 |  4- 6 |  7- 9 || total
-------------------------+-------+-------+-------++-------
Melee: Unarmed           |    16 |       |       ||    16
       Constrict         |    13 |    10 |     6 ||    29
       Tentacles         |     9 |    12 |     9 ||    30
       Short sword       |    35 |    54 |    31 ||   120
       Punch             |     1 |     2 |     1 ||     4
Evoke: Wand              |       |    12 |    13 ||    25
  Use: Potion            |       |       |     1 ||     1
 Stab: Sleeping          |     5 |     2 |     2 ||     9
Armor: Skin              |     3 |       |       ||     3
Dodge: Dodged            |    24 |    32 |    32 ||    88

Table legend: (Time is in decaauts)
 A = Elapsed time spent in this place.
 B = Non-inter-level travel time spent in this place.
 C = Inter-level travel time spent in this place.
 D = Time resting spent in this place.
 E = Time spent auto-exploring this place.
 F = Levels seen in this place.
 G = Mean time per level.
                   A        B        C        D        E       F      G
               +--------+--------+--------+--------+--------+-----+--------+
         Total |   2598 |   2490 |    108 |    760 |   1076 |   7 |  371.1 |
       Dungeon |   2598 |   2490 |    108 |    760 |   1076 |   7 |  371.1 |
               +--------+--------+--------+--------+--------+-----+--------+

Top non-repeatable levels by time:
     D:7: 836 daAuts
     D:4: 650 daAuts
     D:6: 596 daAuts
     D:3: 214 daAuts
     D:1: 145 daAuts
     D:5: 92 daAuts
     D:2: 62 daAuts
